 Dungeon Crawl Stone Soup version 0.31.0-11-ge490571c62 (webtiles) character file.

Game seed: 11163244014253300130

5782 qw the Nimble (level 10, -1/50 HPs)
             Began as a Spriggan Hunter on Feb 4, 2024.
             Was a High Priest of Okawaru.
             Slain by a killer bee (6 damage)
             ... on level 9 of the Dungeon.
             The game lasted 00:00:55 (8141 turns).

qw the Nimble (Spriggan Hunter)                     Turns: 8141, Time: 00:00:55

Health: -1/50      AC:  5    Str:  7    XL:     10   Next: 50%
Magic:  16/16      EV: 28    Int: 11    God:    Okawaru [*****.]
Gold:   454        SH:  0    Dex: 23    Spells: 9/9 levels left

rFire   . . .        u - +0 arbalest
rCold   + . .        (shield currently unavailable)
rNeg    + . .        e - +0 robe {rC+}
rPois   .            (helmet restricted)
rElec   +            j - +2 cloak
rCorr   .            (gloves unavailable)
SInv    +            (boots unavailable)
Will    ++...        (no amulet)
Stlth   ++           i - ring of positive energy
HPRegen 0.28/turn    (no ring)
MPRegen 0.15/turn

%: clarity
@: lethally poisoned (-1 -> -3), very quick
A: very small, no large weapons, unfitting armour, see invisible, speed 3,
clarity, strong-willed 1, electricity resistance, evolution 1
a: Renounce Religion, Heroism, Finesse, Duel


You were on level 9 of the Dungeon.
You worshipped Okawaru.
Okawaru was extremely pleased with you.
You visited 1 branch of the dungeon, and saw 9 of its levels.
You also visited: Sewer and Ossuary.

You collected 454 gold pieces.


Innate Abilities, Weirdness & Mutations

You are very small and have problems with some larger weapons.
You are too small for most types of armour.
You have supernaturally acute eyesight. (SInv)
You cover ground extremely quickly. (Speed+++)
You possess an exceptional clarity of mind.
You are strong-willed. (Will+)
You are resistant to electric shocks. (rElec)
You have hidden genetic potential.


   Skills:
 - Level 4.2 Fighting
 - Level 11.0 Ranged Weapons
 + Level 11.2 Dodging
 - Level 1.5 Stealth
 + Level 7.2 Invocations


You had 9 spell levels left.
You didn't know any spells.
Your spell library was empty.

Inventory:

Hand Weapons
 u - a +0 arbalest (weapon)
Armour
 d - a +0 robe of willpower
 e - a +0 robe of cold resistance (worn)
 j - a +2 cloak (worn)
Jewellery
 i - a ring of positive energy (left hand)
Wands
 a - a wand of iceblast (13)
 c - a wand of polymorph (8)
 l - a wand of mindburst (19)
 n - a wand of paralysis (11)
Scrolls
 h - a scroll of identify
Potions
 b - 2 potions of resistance
 f - 2 potions of might
 g - 2 potions of mutation
 k - 4 potions of curing
 o - a potion of cancellation
 r - a potion of berserk rage {unknown}
 t - a potion of haste

Dungeon Overview and Level Annotations

Branches:
Dungeon (9/15)             Temple (0/1) D:6           Sewer (visited)
Ossuary (visited)
   Lair: D:8-11         Orc: D:9-12

Altars:
Ashenzari
Cheibriados
Dithmenos
Okawaru
Sif Muna
Trog
Uskayaw
Wu Jian

Shops:
D:1 ((

Annotations:
D:2 1 runed translucent door, Crazy Yiuf


Message History

The killer bee completely misses you. The killer bee misses you.
The yak completely misses you. The killer bee completely misses you.
You shoot a bolt. The bolt hits the yak!!
The yak is severely wounded.
The killer bee misses you. The yak barely misses you.
The killer bee completely misses you. The yak gores you!
You shoot a bolt. The bolt hits the yak.
The yak is severely wounded.
The killer bee completely misses you. x3; The yak completely misses you.
You shoot a bolt. The bolt barely misses the yak.
The bolt misses the killer bee.
The killer bee stings you but does no damage.
The killer bee completely misses you. The yak misses you.
The killer bee barely misses you.
You shoot a bolt. The bolt hits the yak.
The yak is almost dead.
The killer bee completely misses you. The yak completely misses you.
The killer bee completely misses you. The yak gores you.
The killer bee completely misses you.
You shoot a bolt. The bolt hits the yak.
You kill the yak!
Okawaru accepts your kill. Okawaru grants you throwing weapons!
Something appears at your feet!
The killer bee closely misses you. x2; The killer bee completely misses you.
You shoot a bolt. The bolt closely misses the killer bee.
The killer bee stings you.
You are poisoned.
The killer bee poisons you!
The killer bee completely misses you. x2
The killer bee barely misses you. The killer bee closely misses you.
The killer bee completely misses you.
You shoot a bolt. The bolt hits the killer bee!
The killer bee is severely wounded.
You feel sick. The killer bee completely misses you.
The killer bee closely misses you.
The killer bee completely misses you. x2
The killer bee barely misses you. The killer bee misses you.
You shoot a bolt. The bolt hits the killer bee.
The killer bee is almost dead.
You feel sick. The killer bee barely misses you. The killer bee misses you.
The killer bee completely misses you. x2; The killer bee stings you.
You die...

...............?.
#................
#................
#........(....#
....>.........#
...........#.###
...........#%..#
#...#yy....%..##
## ##@#...###..#
##..#...# #..#
#......####.##
#..##...#...###
### ##........##.
#...........
##.......#
#..<...##
##.###.#


You could see 2 killer bees.

Vanquished Creatures
  Pikel (D:5)
  A hornet (D:5)
  Sigmund (D:2)
  A wyvern (D:9)
  9 yaks (D:9)
  A steam dragon (D:3)
  A water moccasin (D:5)
  Duvessa (D:4)
  4 orc warriors
  An ice beast (D:5)
  3 ogres
  A black bear (D:7)
  5 centaurs
  Blork the orc (D:6)
  2 kobold brigands
  3 bullfrogs
  A gnoll sergeant (D:5)
  Dowan (D:4)
  4 killer bees (D:9)
  An electric eel (D:6)
  A bombardier beetle (D:5)
  A centaur zombie (Ossuary)
  A hound (D:4)
  6 orc priests
  3 jellies
  3 iguanas
  8 orc wizards
  2 sleepcaps
  7 hound zombies (Ossuary)
  A mummy (D:4)
  8 gnolls
  13 adders
  5 river rats
  A white imp (D:8)
  4 adder zombies (Ossuary)
  2 dart slugs (D:3)
  56 orcs
  9 endoplasms
  3 giant cockroaches
  2 gnoll zombies (Ossuary)
  12 goblins
  8 hobgoblins
  3 jackals
  33 kobolds
  4 quokkas
  15 ball pythons
  5 bats
  4 frilled lizards
  A goblin zombie (D:4)
  A jackal zombie (Ossuary)
  2 kobold zombies (Ossuary)
  4 orc zombies
  30 rats
301 creatures vanquished.

Vanquished Creatures (others)
  An orc wizard (D:7)
1 creature vanquished.

Grand Total: 302 creatures vanquished

Notes
Turn   | Place    | Note
-------+----------+-------------------------------------------
     0 | D:1      | qw the Spriggan Hunter began the quest for the Orb.
     0 | D:1      | Reached XP level 1. HP: 10/10 MP: 2/2
     0 | D:1      | 0 ||| qw: Version: 0.3-a-160-g6735b56
     0 | D:1      | 0 ||| qw: Game counter: 5542
     0 | D:1      | 0 ||| qw: Melee chars always use a shield: true
     0 | D:1      | 0 ||| qw: God list: Okawaru
     0 | D:1      | 0 ||| qw: Allow faded altars: false
     0 | D:1      | 0 ||| qw: Do Orc after clearing Dungeon:15 true
     0 | D:1      | 0 ||| qw: Do second Lair branch before Depths: true
     0 | D:1      | 0 ||| qw: Lair rune preference: random
     0 | D:1      | 0 ||| qw: Goals: Normal
     0 | D:1      | 0 ||| PLANNING D:1-11
    22 | D:1      | Found Fitiytz's Antique Weapon Shop.
    31 | D:1      | Reached skill level 3 in Dodging
   185 | D:1      | Reached XP level 2. HP: 13/14 MP: 3/3
   230 | D:1      | Found Xuehutz's Antique Weapon Emporium.
   624 | D:1      | Reached XP level 3. HP: 18/18 MP: 4/4
   875 | D:1      | 875 ||| UPGRADING to +0 cloak.
   880 | D:1      | 880 ||| READING 2 scrolls labelled NOBIATZ XUOM.
   880 | D:1      | 880 ||| IDENTIFYING fuming purple potion
   881 | D:1      | 881 ||| READING scroll of identify.
   881 | D:1      | 881 ||| IDENTIFYING emerald potion
   882 | D:1      | 882 ||| READING scroll labelled NOIMIR JEASI ZINIA.
   887 | D:1      | 887 ||| READING scroll labelled JIMUEC WUIDUC.
   888 | D:1      | 888 ||| READING scroll labelled GUUF IGA LOMEUNG.
   888 | D:1      | 888 ||| ENCHANTING +0 cloak.
   889 | D:1      | 889 ||| READING scroll labelled XIFU WIUH QICW.
   890 | D:1      | 890 ||| DRINKING 4 golden potions.
   891 | D:1      | 891 ||| DROPPING scroll of butterflies.
   892 | D:1      | 892 ||| DROPPING potion of brilliance.
  1010 | D:2      | Reached XP level 4. HP: 22/22 MP: 5/5
  1159 | D:2      | Noticed Sigmund
  1170 | D:2      | Killed Sigmund
  1171 | D:2      | Reached XP level 5. HP: 16/25 MP: 6/6
  1180 | D:2      | 1180 ||| FLEEEEING.
  1182 | D:2      | 1182 ||| FLEEEEING.
  1183 | D:2      | 1183 ||| FLEEEEING.
  1186 | D:2      | 1186 ||| FLEEEEING.
  1189 | D:2      | 1189 ||| FLEEEEING.
  1223 | D:2      | Identified the +1 spear of Xoub {vamp, *Corrode Dex+7}
  1225 | D:2      | 1225 ||| FLEEEEING.
  1352 | D:2      | Found a runed translucent door.
  1353 | D:2      | Noticed Crazy Yiuf
  1567 | D:2      | 1567 ||| UPGRADING to +0 robe of willpower.
  1577 | D:2      | 1577 ||| DROPPING +0 robe.
  1578 | D:2      | 1578 ||| READING scroll labelled QEFUXT JAUKKA.
  1603 | D:3      | Reached XP level 6. HP: 30/30 MP: 7/7
  1630 | D:3      | Noticed a steam dragon
  1638 | D:3      | Killed a steam dragon
  1679 | D:3      | Reached skill level 6 in Ranged Weapons
  1997 | D:3      | Found an iron altar of Okawaru.
  1998 | D:3      | 1998 ||| PLANNING OKAWARU WORSHIP
  2001 | D:3      | Became a worshipper of Warmaster Okawaru
  2002 | D:3      | 2002 ||| PLANNING D:1-11
  2195 | D:3      | 2195 ||| READING 2 scrolls of identify.
  2195 | D:3      | 2195 ||| IDENTIFYING smoky cyan potion
  2212 | D:4      | 2212 ||| PLANNING OSSUARY
  2564 | D:4      | Noticed Duvessa
  2564 | D:4      | Noticed Dowan
  2565 | D:4      | 2565 ||| ZAPPING wand of flame (30) at -7,-3 (Duvessa;
                  | floor).
  2566 | D:4      | 2566 ||| ZAPPING wand of flame (29) at -6,-2 (Duvessa;
                  | floor).
  2567 | D:4      | 2567 ||| ZAPPING wand of flame (28) at -5,-2 (Duvessa;
                  | floor).
  2568 | D:4      | 2568 ||| ZAPPING wand of flame (27) at -4,-2 (Duvessa;
                  | floor).
  2569 | D:4      | 2569 ||| ZAPPING wand of flame (26) at -3,-1 (Duvessa;
                  | floor).
  2570 | D:4      | 2570 ||| ZAPPING wand of flame (25) at -2,0 (Duvessa;
                  | floor).
  2571 | D:4      | 2571 ||| ZAPPING wand of flame (24) at -1,0 (Duvessa;
                  | floor).
  2572 | D:4      | 2572 ||| ZAPPING wand of flame (23) at -1,0 (Duvessa;
                  | floor).
  2573 | D:4      | 2573 ||| ZAPPING wand of flame (22) at -1,0 (Duvessa;
                  | floor).
  2574 | D:4      | 2574 ||| ZAPPING wand of flame (21) at -1,0 (Duvessa;
                  | floor).
  2575 | D:4      | 2575 ||| ZAPPING wand of flame (20) at -1,0 (Duvessa;
                  | floor).
  2576 | D:4      | 2576 ||| ZAPPING wand of flame (19) at -1,0 (Duvessa;
                  | floor).
  2576 | D:4      | Killed Duvessa
  2577 | D:4      | Reached XP level 7. HP: 13/35 MP: 8/8
  2580 | D:4      | 2580 ||| ZAPPING wand of flame (18) at -1,0 (Dowan; floor).
  2580 | D:4      | Killed Dowan
  2700 | D:4      | Found a sand-covered staircase.
  2712 | Ossuary  | Entered an ossuary
  2882 | Ossuary  | Reached * piety under Okawaru
  2901 | D:4      | 2901 ||| PLANNING D:1-11
  3225 | D:4      | 3225 ||| READING 2 scrolls of identify.
  3225 | D:4      | 3225 ||| IDENTIFYING silvery potion
  3226 | D:4      | 3226 ||| DROPPING potion of attraction.
  3244 | D:5      | Entered Level 5 of the Dungeon
  3253 | D:5      | Reached skill level 1 in Invocations
  3267 | D:5      | 3267 ||| RETREEEEATING.
  3337 | D:5      | HP: 5/35 [gnoll sergeant/+0 spear (12)]
  3338 | D:5      | 3338 ||| READING scroll of teleportation.
  3339 | D:5      | 3339 ||| DRINKING 3 potions of heal wounds.
  3386 | D:5      | Found a hide-covered altar of Uskayaw.
  3390 | D:5      | Noticed a hornet
  3391 | D:5      | 3391 ||| INVOKING Heroism.
  3403 | D:5      | Killed a hornet
  3404 | D:5      | Reached XP level 8. HP: 39/39 MP: 8/10
  3681 | D:5      | Noticed Pikel
  3683 | D:5      | 3683 ||| INVOKING Heroism.
  3685 | D:5      | 3685 ||| RETREEEEATING.
  3687 | D:5      | 3687 ||| RETREEEEATING.
  3690 | D:5      | 3690 ||| RETREEEEATING.
  3699 | D:5      | Killed Pikel
  3699 | D:5      | Reached ** piety under Okawaru
  3700 | D:5      | Reached skill level 3 in Fighting
  4005 | D:5      | 4005 ||| UPGRADING to +0 robe of cold resistance.
  4015 | D:5      | 4015 ||| UPGRADING to ring of positive energy.
  4016 | D:5      | 4016 ||| READING scroll of identify.
  4016 | D:5      | 4016 ||| IDENTIFYING scroll labelled PIEZUDUAGAEH
  4017 | D:5      | 4017 ||| DROPPING scroll of revelation.
  4027 | D:6      | 4027 ||| PLANNING SEWER
  4030 | D:6      | 4030 ||| STAIRDANCE
  4111 | D:6      | 4111 ||| STAIRDANCE
  4121 | D:5      | Reached *** piety under Okawaru
  4236 | D:6      | 4236 ||| STAIRDANCE
  4242 | D:5      | Reached skill level 9 in Ranged Weapons
  4242 | D:5      | Reached XP level 9. HP: 40/45 MP: 13/13
  4257 | D:5      | 4257 ||| DROPPING wand of flame (21).
  4263 | D:6      | 4263 ||| STAIRDANCE
  4277 | D:6      | 4277 ||| STAIRDANCE
  4303 | D:6      | 4303 ||| STAIRDANCE
  4343 | D:6      | 4343 ||| STAIRDANCE
  4355 | D:6      | 4355 ||| STAIRDANCE
  4506 | D:6      | Reached skill level 9 in Dodging
  4510 | D:6      | Noticed Blork the orc
  4528 | D:6      | Killed Blork the orc
  4558 | D:6      | Found a broken altar of Ashenzari.
  4596 | D:6      | Found an ornate altar of the Wu Jian Council.
  4633 | D:6      | Found a glowing drain.
  4634 | D:6      | 4634 ||| READING scroll labelled KOPPU XO LASA.
  4644 | Sewer    | Entered a sewer
  5134 | Sewer    | 5134 ||| READING scroll labelled MEYSIPN ZIAL.
  5235 | Sewer    | 5235 ||| DRINKING 3 fuming green potions.
  5236 | Sewer    | 5236 ||| DRINKING 3 fizzy yellow potions.
  5236 | Sewer    | Gained mutation: You are resistant to electric shocks.
                  | (rElec) [potion of mutation]
  5236 | Sewer    | Gained mutation: You are strong-willed. (Will+) [potion of
                  | mutation]
  5236 | Sewer    | Gained mutation: You have hidden genetic potential. [potion
                  | of mutation]
  5271 | D:6      | 5271 ||| PLANNING D:1-11
  5370 | D:6      | Found a staircase to the Ecumenical Temple.
  5413 | D:6      | Found a shadowy altar of Dithmenos.
  5469 | D:6      | 5469 ||| READING scroll of enchant armour.
  5469 | D:6      | 5469 ||| ENCHANTING +1 cloak.
  5545 | D:6      | 5545 ||| READING scroll labelled ZOCAEKU ESACOX.
  5651 | D:6      | Found a snail-covered altar of Cheibriados.
  5651 | D:6      | Found a bloodstained altar of Trog.
  5761 | D:6      | Found a shimmering blue altar of Sif Muna.
  5966 | D:7      | 5966 ||| ZAPPING wand of mindburst (20) at 1,0 (black bear;
                  | floor).
  6008 | D:7      | 6008 ||| RETREEEEATING.
  6010 | D:7      | 6010 ||| RETREEEEATING.
  6011 | D:7      | 6011 ||| RETREEEEATING.
  6013 | D:7      | 6013 ||| STAIRDANCE
  6034 | D:7      | 6034 ||| STAIRDANCE
  6145 | D:7      | 6145 ||| STAIRDANCE
  6156 | D:7      | 6156 ||| STAIRDANCE
  6210 | D:7      | 6210 ||| SWAPPING to +0 orcbow.
  6211 | D:7      | 6211 ||| DROPPING +0 shortbow.
  6231 | D:7      | Reached **** piety under Okawaru
  6232 | D:7      | 6232 ||| FLEEEEING.
  6233 | D:7      | 6233 ||| FLEEEEING.
  6234 | D:7      | 6234 ||| FLEEEEING.
  6734 | D:7      | 6734 ||| READING scroll of identify.
  6734 | D:7      | 6734 ||| IDENTIFYING coppery potion
  6735 | D:7      | 6735 ||| READING scroll labelled VORRIU METEMOI.
  6735 | D:7      | 6735 ||| ENCHANTING +0 orcbow.
  6736 | D:7      | 6736 ||| READING scroll labelled VOHU KESEIHI.
  6738 | D:7      | 6738 ||| Stepping ~*~*~tactically~*~*~ (cloud).
  6974 | D:8      | 6974 ||| FLEEEEING.
  6975 | D:8      | 6975 ||| FLEEEEING.
  6976 | D:8      | 6976 ||| FLEEEEING.
  6977 | D:8      | 6977 ||| FLEEEEING.
  6981 | D:8      | 6981 ||| FLEEEEING.
  6982 | D:8      | 6982 ||| FLEEEEING.
  6984 | D:8      | 6984 ||| FLEEEEING.
  6985 | D:8      | 6985 ||| FLEEEEING.
  6986 | D:8      | 6986 ||| FLEEEEING.
  6987 | D:8      | 6987 ||| FLEEEEING.
  6988 | D:8      | 6988 ||| FLEEEEING.
  6992 | D:8      | 6992 ||| FLEEEEING.
  6993 | D:8      | 6993 ||| FLEEEEING.
  6994 | D:8      | 6994 ||| FLEEEEING.
  6995 | D:8      | 6995 ||| FLEEEEING.
  6996 | D:8      | 6996 ||| FLEEEEING.
  6997 | D:8      | 6997 ||| FLEEEEING.
  6997 | D:8      | HP: 9/45 [orc priest/divine providence (11)]
  6998 | D:8      | 6998 ||| READING scroll of teleportation.
  6999 | D:8      | 6999 ||| DRINKING 3 potions of heal wounds.
  7380 | D:8      | 7380 ||| RETREEEEATING.
  7381 | D:8      | 7381 ||| RETREEEEATING.
  7401 | D:8      | HP: 10/45 [orc warrior/+0 hand axe (8)]
  7402 | D:8      | 7402 ||| READING scroll of teleportation.
  7402 | D:8      | HP: 4/45 [orc warrior/+0 hand axe (6)]
  7403 | D:8      | 7403 ||| DRINKING 2 potions of heal wounds.
  7405 | D:8      | Reached XP level 10. HP: 42/50 MP: 15/15
  7788 | D:8      | HP: 10/50 [orc warrior/+0 trident (7)]
  7789 | D:8      | 7789 ||| READING scroll of teleportation.
  7790 | D:8      | 7790 ||| DRINKING 2 potions of heal wounds.
  7880 | D:8      | 7880 ||| SWAPPING to +0 arbalest.
  7881 | D:8      | 7881 ||| DROPPING +1 orcbow.
  7912 | D:8      | 7912 ||| READING scroll of identify.
  7912 | D:8      | 7912 ||| IDENTIFYING fizzy white potion
  7913 | D:8      | 7913 ||| READING scroll labelled FATOUH QIAFUA.
  7914 | D:8      | 7914 ||| DRINKING 2 lumpy blue potions.
  7915 | D:8      | 7915 ||| DROPPING potion of invisibility.
  7960 | D:9      | 7960 ||| RETREEEEATING.
  7961 | D:9      | 7961 ||| RETREEEEATING.
  7962 | D:9      | 7962 ||| RETREEEEATING.
  7963 | D:9      | 7963 ||| RETREEEEATING.
  7966 | D:9      | Reached ***** piety under Okawaru
  7967 | D:9      | Reached skill level 6 in Invocations
  7979 | D:9      | Gained mutation: You possess an exceptional clarity of
                  | mind. [hidden potential]
  7989 | D:9      | HP: 7/50 [yak (15)]
  7990 | D:9      | 7990 ||| DRINKING potion of heal wounds.
  8110 | D:9      | 8110 ||| RETREEEEATING.
  8113 | D:9      | 8113 ||| RETREEEEATING.
  8115 | D:9      | 8115 ||| RETREEEEATING.
  8122 | D:9      | 8122 ||| RETREEEEATING.
  8123 | D:9      | 8123 ||| RETREEEEATING.
  8124 | D:9      | 8124 ||| RETREEEEATING.
  8125 | D:9      | 8125 ||| RETREEEEATING.
  8126 | D:9      | 8126 ||| RETREEEEATING.
  8138 | D:9      | Received a gift from Okawaru
  8139 | D:9      | HP: 8/50 [killer bee (6)]
  8141 | D:9      | Slain by a killer bee

Levels and vault maps discovered:
D:1:      dpeg_arrival_ratfight, layout_basic, serial_shops,
          nicolae_shop_just_a_little_nook, nicolae_shop_trees
D:2:      layout_basic, minmay_misc_feat_tower, minmay_three_crescents,
          uniq_sigmund, uniq_crazy_yiuf_cottage
D:3:      layout_basic, okawaru_metal_pillars_1_2, chequers_arboretum
D:4:      layout_basic, nicolae_ossuary_entry_giza, uniq_duvessa
D:5:      layout_basic, mainiacjoe_overflow_concentric_impassable, uniq_pikel
D:6:      layout_cave_pools, nzn_wu_jian_contemplation, led_sif_book,
          nicolae_ashenzari_skybound, grunt_dithmenos_smoke,
          nicolae_overflow_two_pavilions, lemuel_temple_firewalk_b,
          portal_sewer_entry_a, uniq_blork_the_orc
D:7:      layout_rooms, enter_bailey_3
D:8:      layout_loops_cross, special_room [special_room_orc]
D:9:      layout_cave_pools, kennysheep_path_1

Skill      XL: |  1  2  3  4  5  6  7  8  9 10 |
---------------+-------------------------------+-----
Dodging        | 3 4 7 8 11 | 11.2
Ranged Weapons | 5 6 8 9 10 11 | 11.0
Fighting       | 2 3 4 |  4.2
Invocations    | 1 4 5 7 |  7.2
Stealth        | |  1.5

Action                     |  1- 3 |  4- 6 |  7- 9 | 10-12 || total
---------------------------+-------+-------+-------+-------++-------
   Fire: Shortbow          |   106 |   123 |   635 |       ||   864
         Orcbow            |       |       |   124 |    65 ||   189
         Arbalest          |       |       |       |    58 ||    58
 Invoke: Heroism           |       |       |     2 |       ||     2
  Evoke: Wand              |       |    12 |     2 |       ||    14
    Use: Scroll            |     6 |     2 |    12 |     3 ||    23
         Potion            |     1 |       |     5 |     3 ||     9
 Armour: Robe              |     5 |    13 |   111 |    22 ||   151
  Dodge: Dodged            |    26 |    46 |   434 |   128 ||   634

Table legend:
 A = Non-vault XP
 B = Vault XP
 C = Vault XP percentage of total XP
 D = Non-vault monster count
 E = Vault monster count
 F = Vault count percentage of total count
                 A         B        C        D         E       F
            +---------+---------+-------+---------+---------+-------
      Total |    6138 |    2123 |  25.7 |     197 |     105 |  34.8
            +---------+---------+-------+---------+---------+-------
        D:1 |      47 |       5 |   9.6 |      29 |       5 |  14.7
        D:2 |      72 |     248 |  77.5 |      26 |       7 |  21.2
        D:3 |     233 |       0 |   0.0 |      21 |       0 |   0.0
        D:4 |      75 |     233 |  75.6 |      10 |       5 |  33.3
        D:5 |    1268 |     629 |  33.2 |      27 |       1 |   3.6
        D:6 |     729 |     180 |  19.8 |      30 |       5 |  14.3
        D:7 |     911 |       6 |   0.7 |      19 |       4 |  17.4
        D:8 |     535 |     488 |  47.7 |      21 |      19 |  47.5
        D:9 |    2268 |       0 |   0.0 |      14 |       0 |   0.0
      Sewer |       0 |     110 | 100.0 |       0 |      39 | 100.0
    Ossuary |       0 |     224 | 100.0 |       0 |      20 | 100.0
            +---------+---------+-------+---------+---------+-------
